 Dungeon Crawl Stone Soup version 0.20-a0-3-g334f831 (webtiles) character file.

43 dobroeutro the Ruffian (level 3, -3/34 HPs)
             Began as a Naga Monk on Oct 30, 2016.
             Killed from afar by Sigmund (8 damage)
             ... with a magic dart
             ... on level 2 of the Dungeon.
             The game lasted 00:02:04 (1160 turns).

dobroeutro the Ruffian (Naga Monk)                  Turns: 1160, Time: 00:02:05

Health: -3/34      AC:  3    Str: 14    XL:     3   Next: 58%
Magic:  3/3        EV: 10    Int: 10    God:
Gold:   75         SH:  0    Dex: 13    Spells: 0 memorised, 2 levels left

rFire  . . .     SeeInvis +       - Unarmed
rCold  . . .     Gourm    .     c - +1 leather armour
rNeg   . . .     Faith    .     (no shield)
rPois  +         Spirit   .     (no helmet)
rElec  .         Reflect  .     (no cloak)
rCorr  +         Harm     .     (no gloves)
MR     .....                    (no barding)
Stlth  ++........               (no amulet)
                                (no ring)
                                d - ring of resist corrosion

@: short of breath, very slow
A: see invisible, deformed body, poison resistance, slowness 2, slow metabolism
1, spit poison 1, AC +1
a: Spit Poison


You were on level 2 of the Dungeon.
You were not hungry.

You visited 1 branch of the dungeon, and saw 2 of its levels.

You collected 75 gold pieces.

Inventory:

Armour
 a - a +0 robe
 c - a +1 leather armour (worn)
Jewellery
 d - a ring of resist corrosion (left hand)
Scrolls
 e - 2 scrolls of recharging {unknown}
 f - a scroll of enchant armour
 j - a scroll of identify {unknown}
 k - 3 scrolls of amnesia {unknown}
Potions
 h - a potion of heal wounds {unknown}
 i - a potion of degeneration {unknown}
Comestibles
 b - 4 bread rations
 g - 2 chunks of flesh


   Skills:
 + Level 3.5 Fighting
 + Level 0.4 Armour
 + Level 2.8 Dodging
 - Level 3.0 Stealth
 * Level 3.5 Unarmed Combat


You had 2 spell levels left.
You didn't know any spells.

Dungeon Overview and Level Annotations

Branches:
Dungeon (2/15)

Altars:

Annotations:
D:2 Sigmund


Innate Abilities, Weirdness & Mutations

You cannot wear boots.
Your serpentine skin is tough. (AC +1)
You have supernaturally acute eyesight. (SInv)
Armour fits poorly on your strangely shaped body.
Your system is resistant to poisons. (rPois)
You cover ground very slowly.
You have a slow metabolism.
You can spit poison.


Message History

You hit Sigmund.
Sigmund is heavily wounded.
You have got your breath back.
You closely miss Sigmund.
Sigmund is heavily wounded.
Sigmund points at you and mumbles some strange words.
The magic dart hits you!
* * * LOW HITPOINT WARNING * * *
Press: ? - help, Shift-Dir - straight line, f/p - Sigmund
Aim: Sigmund, wielding a scythe and wearing a robe (heavily wounded)
The splash of poison hits Sigmund.
Sigmund is heavily wounded.
You feel slightly more hungry. Sigmund barely misses you.
You closely miss Sigmund.
Sigmund is heavily wounded.
You closely miss Sigmund.
Sigmund is heavily wounded.
Sigmund points at you and mumbles some strange words.
The magic dart hits you!
You die...

##########.....#######.###.#
###### ####### #..##.# #....#
##.##.# )....# #.##.# .....#
####### #..#.# .....## #.....#
##.#.# ......# #.....# #...#
..†...###.....###########..#
......+....)...@@.........>#
......#.......############.#
......#.......#### #######.####.#
.................@..>............
#...###.....####......####.####..
##### #....(# .... #.# # ####).#
#+### #.# ##########..## #.# #.#
#.. .............# #.# #.# #..


You could see Sigmund.

Vanquished Creatures
  An adder (D:2)
  A leopard gecko (D:1)
  3 bats (D:1)
  3 giant cockroaches
  7 goblins
  3 hobgoblins
  3 jackals (D:2)
  5 kobolds
  3 rats (D:1)
29 creatures vanquished.

Notes
Turn   | Place    | Note
-------+----------+-------------------------------------------
     0 | D:1      | dobroeutro the Naga Monk began the quest for the Orb.
     0 | D:1      | Reached XP level 1. HP: 21/21 MP: 1/1
    97 | D:1      | Reached XP level 2. HP: 14/28 MP: 2/2
   721 | D:2      | Reached XP level 3. HP: 34/34 MP: 3/3
  1146 | D:2      | Noticed Sigmund
  1160 | D:2      | Killed from afar by Sigmund

Vault maps used:
D:1:      dpeg_arrival_rooms_b, minmay_unequal
D:2:      uniq_crazy_yiuf_cottage, uniq_natasha, uniq_sigmund

Action                   || total
-------------------------++-------
Melee: Unarmed           ||    91
 Abil: Spit Poison       ||     8
  Use: Scroll            ||     2
 Stab: Sleeping          ||     2
  Eat: Chunk             ||     1
Armor: Robe              ||     2
       Ring mail         ||    27
       Leather armour    ||     1
Dodge: Dodged            ||    52
